 Dungeon Crawl Stone Soup version 0.20-a0-1006-ge6c5631 (webtiles) character file.

137 Idealus the Vexing (level 5, -2/36 HPs)
             Began as a Spriggan Enchanter on Apr 13, 2017.
             Slain by an orc
             ... wielding a +0 hand axe
              (4 damage)
             ... on level 3 of the Dungeon.
             The game lasted 00:10:23 (3593 turns).

Idealus the Vexing (Spriggan Enchanter)             Turns: 3593, Time: 00:10:23

Health: -2/36      AC:  2    Str:  9    XL:     5   Next: 0%
Magic:  9/13       EV: 18    Int: 17    God:
Gold:   108        SH:  0    Dex: 17    Spells: 4/13 levels left

rFire    . . .     SeeInvis +   a - +2 dagger
rCold    . . .     Gourm    .   (shield restricted)
rNeg     . . .     Faith    .   b - +0 robe
rPois    .         Spirit   .   (helmet restricted)
rElec    .         Reflect  .   (no cloak)
rCorr    .         Harm     .   (gloves unavailable)
MR       +....                  (boots unavailable)
Stlth    ..........             e - amulet of rage
Regen    0.2/turn               j - ring of protection from magic
MPRegen  0.2/turn               (no ring)

@: mighty, berserking, lethally poisoned (-2 -> -5), very quick
A: unfitting armour, see invisible, herbivore 3, speed 3, slow metabolism 2
a: Evoke Berserk Rage


You were on level 3 of the Dungeon.
You were hungry.

You visited 1 branch of the dungeon, and saw 3 of its levels.

You collected 108 gold pieces.

Inventory:

Hand Weapons
 a - a +2 dagger (weapon)
Armour
 b - a +0 robe (worn)
Jewellery
 e - an amulet of rage (around neck)
 j - a ring of protection from magic (left hand)
Scrolls
 d - 2 scrolls of identify
 f - a scroll of enchant armour {unknown}
 i - 3 scrolls of magic mapping
Potions
 h - a potion of might
Books
 c - a book of Maledictions

   Spells                             Type                      Level
   a - Corona                         Hexes                        1
   b - Ensorcelled Hibernation        Hexes/Ice                    2
   c - Confuse                        Hexes                        3
   d - Tukima's Dance                 Hexes                        3
   e - Dazzling Spray                 Conjuration/Hexes            3
Comestibles
 g - 2 bread rations
 k - 5 fruits


   Skills:
 - Level 1.1 Short Blades
 - Level 3.0 Dodging
 - Level 4.4 Stealth
 + Level 4.9 Spellcasting
 + Level 5.4 Hexes


You had 4 spell levels left.
You knew the following spells:

 Your Spells              Type           Power        Failure   Level  Hunger
a - Ensorcelled Hibernat  Hex/Ice        ##....       10%         2    #......
b - Corona                Hex            ###....      1%          1    None
c - Confuse               Hex            ###.....     6%          3    ###....
d - Tukima's Dance        Hex            ###.....     6%          3    ###....


Dungeon Overview and Level Annotations

Branches:
Dungeon (3/15)

Altars:
Ashenzari


Innate Abilities, Weirdness & Mutations

You are very small and have problems with some larger weapons.
You are too small for most types of armour.
You have supernaturally acute eyesight. (SInv)
You are a herbivore.
You cover ground extremely quickly.
You need consume almost no food.


Message History

You kill the orc priest!
The orc hits you but does no damage.
You hit the adder.
The adder is heavily wounded.
The adder completely misses you. The orc hits you with a club.
The ooze barely misses you. The orc hits you with a hand axe.
* * * LOW HITPOINT WARNING * * *
You puncture the adder!
You kill the adder!
You have reached level 5!
You feel agile.
You feel sick. The orc barely misses you. The ooze completely misses you.
The orc closely misses you.
You closely miss the orc. The orc barely misses you. The orc misses you.
You puncture the orc!
The orc is almost dead.
The ooze hits you.
* * * LOW HITPOINT WARNING * * *
The orc completely misses you. The orc hits you with a hand axe.
You die...

............# #
...†........##.o.
#.#............# #
#..........##### .#
...............####.####
................).......
...........###.........#
...........#...Joo.....#
..........##.#.o@)......
.###............########
............##..#
............#..##
........(.......
............$### ......#
...# #...### ... ..###


You could see an ooze and 3 orcs.

Vanquished Creatures
  An orc priest (D:3)
  An orc wizard (D:3)
  3 adders
  2 worms
  A dart slug (D:2)
  2 leopard geckos (D:1)
  2 giant cockroaches (D:2)
  7 goblins
  5 hobgoblins (D:1)
  3 jackals (D:1)
  2 kobolds
  5 bats
  3 frilled lizards
  5 rats
42 creatures vanquished.

Notes
Turn   | Place    | Note
-------+----------+-------------------------------------------
     0 | D:1      | Idealus the Spriggan Enchanter began the quest for the Orb.
     0 | D:1      | Reached XP level 1. HP: 9/9 MP: 5/5
   451 | D:1      | Reached skill level 4 in Hexes
   880 | D:1      | Reached XP level 2. HP: 13/13 MP: 7/7
   894 | D:1      | Learned a level 2 spell: Ensorcelled Hibernation
  2312 | D:1      | Reached XP level 3. HP: 16/16 MP: 6/9
  2365 | D:1      | Learned a level 3 spell: Confuse
  2369 | D:1      | Learned a level 3 spell: Tukima's Dance
  2942 | D:2      | Found a faded altar of an unknown god.
  3143 | D:2      | Found a shattered altar of Ashenzari.
  3526 | D:3      | Reached XP level 4. HP: 21/21 MP: 6/11
  3582 | D:3      | Reached skill level 5 in Hexes
  3591 | D:3      | Reached XP level 5. HP: 8/24 MP: 9/13
  3593 | D:3      | Slain by an orc

Vault maps used:
D:1:      lemuel_arrival_lava_pool, serial_corexii_hall, corexii_hall_statues_x,
          corexii_hall_statues_x, wad_floor_pattern_untrapped
D:2:      lemuel_doored_altar, chequers_ecumenical_altar_grove,
          serial_bayou_crossing
D:3:      first_bread, nemelex_xobeh_ov_fountains_minmay

Skill      XL: |  1  2  3  4 |
---------------+-------------+-----
Spellcasting   | 3 4 |  4.9
Hexes          | 4 5 |  5.4
Short Blades   | |  1.1
Dodging        | |  3.0
Stealth        | |  4.4

Action                   |  1- 3 |  4- 6 || total
-------------------------+-------+-------++-------
Melee: Dagger            |   104 |     9 ||   113
 Cast: Ensorcelled Hiber |    37 |     2 ||    39
 Abil: Evoke Berserk Rag |     6 |     1 ||     7
  Use: Scroll            |     7 |       ||     7
       Potion            |       |     2 ||     2
 Stab: Sleeping          |    23 |     1 ||    24
  Eat: Bread ration      |     1 |       ||     1
       Fruit             |     2 |       ||     2
Armor: Robe              |    12 |     4 ||    16
Dodge: Dodged            |   117 |    25 ||   142
